 Dungeon Crawl Stone Soup version 0.21-a0-349-g0c35859 (webtiles) character file.

7825 vishdafish the Cleaver (level 11, -3/70 HPs)
             Began as a Demonspawn Fighter on Oct 7, 2017.
             Was a Priest of Makhleb.
             Slain by Snorg (17 damage)
             ... on level 10 of the Dungeon.
             The game lasted 00:32:08 (11424 turns).

vishdafish the Cleaver (Demonspawn Fighter)        Turns: 11424, Time: 00:32:10

Health: -3/70      AC: 10    Str: 19    XL:     11   Next: 1%
Magic:  17/17      EV: 15    Int: 11    God:    Makhleb [***...]
Gold:   684        SH: 10    Dex: 14    Spells: 10/10 levels left

rFire    . . .     SeeInvis .   O - +0 war axe (distort)
rCold    + . .     Gourm    .   c - +0 shield
rNeg     . . .     Faith    .   b - +0 scale mail
rPois    .         Spirit   .   (helmet restricted)
rElec    .         Reflect  .   B - +1 cloak
rCorr    .         Harm     .   (no gloves)
MR       .....                  (no boots)
Stlth    ..........             (no amulet)
HPRegen  0.21/turn              I - +4 ring of evasion
MPRegen  0.15/turn              A - ring of wizardry

@: no status effects
A: claws 2, hooves 2, horns 2, cold resistance 1, frail 1, strong 1
a: Minor Destruction, Lesser Servant of Makhleb, Renounce Religion


You were on level 10 of the Dungeon.
You worshipped Makhleb.
Makhleb was most pleased with you.
You were hungry.

You visited 1 branch of the dungeon, and saw 11 of its levels.
You also visited: Bailey.

You collected 684 gold pieces.

Inventory:

Hand Weapons
 a - a +0 war axe
 O - a +0 war axe of distortion (weapon)
Missiles
 L - 2 throwing nets (quivered)
Armour
 b - a +0 scale mail (worn)
 c - a +0 shield (worn)
 B - a +1 cloak (worn)
Jewellery
 j - an uncursed ring of magical power
 A - a ring of wizardry (right claw)
 I - a +4 ring of evasion (left claw)
 Q - an uncursed ring of ice {unknown}
Wands
 d - a wand of polymorph (17/24)
 t - a wand of flame (27/48)
 u - a wand of iceblast (10/15)
 w - a wand of disintegration (13/24)
 G - a wand of lightning (10/15)
 M - a wand of lightning (5/15)
 P - a wand of random effects (30/48)
 S - a wand of flame (24/48)
Scrolls
 k - a scroll of torment {unknown}
 p - 13 scrolls of teleportation
 q - a scroll of blinking
 r - a scroll of enchant weapon {unknown}
 s - 2 scrolls of fear {unknown}
 v - 2 scrolls of enchant armour {unknown}
 y - a scroll of magic mapping {unknown}
 z - 2 scrolls of remove curse
 C - a scroll of fog {unknown}
 D - 2 scrolls of recharging {unknown}
 R - a scroll of immolation {unknown}
Potions
 e - 4 potions of lignification
 h - 2 potions of curing {unknown}
 m - 2 potions of ambrosia
 o - a potion of heal wounds {unknown}
 x - 2 potions of brilliance
 E - a potion of magic
 H - a potion of flight {unknown}
 J - a potion of agility
 N - a potion of cancellation {unknown}
Books
 g - a book of Changes

   Spells                             Type                      Level
   a - Beastly Appendage              Transmutation                1
   b - Sticks to Snakes               Transmutation                2
   c - Spider Form                    Transmutation/Poison         3
   d - Ice Form                       Ice/Transmutation            4
   e - Blade Hands                    Transmutation                5
 F - a book of Misfortune

   Spells                             Type                      Level
   a - Confusing Touch                Hexes                        1
   b - Confuse                        Hexes                        3
   c - Gell's Gravitas                Translocation                3
   d - Petrify                        Transmutation/Earth          4
   e - Metabolic Englaciation         Hexes/Ice                    5
   f - Yara's Violent Unravelling     Hexes/Transmutation          5
 K - a book of Transfigurations

   Spells                             Type                      Level
   a - Irradiate                      Conjuration/Transmutation    5
   b - Statue Form                    Transmutation/Earth          6
   c - Hydra Form                     Transmutation                6
   d - Dragon Form                    Transmutation                7
Comestibles
 f - 10 bread rations
 i - 9 meat rations
 l - 2 royal jellies
 n - 5 fruits


   Skills:
 - Level 4.3 Fighting
 * Level 9.4 Axes
 + Level 7.1 Armour
 + Level 5.9 Dodging
 + Level 6.8 Shields
 - Level 8.0 Invocations


You had 10 spell levels left.
You didn't know any spells.

Dungeon Overview and Level Annotations

Branches:
Dungeon (11/15)            Temple (0/1) D:4            Lair (0/6) D:8
    Orc (0/2) D:10

Altars:
Ashenzari
Cheibriados
Dithmenos
Gozag
Hepliaklqana
Kikubaaqudgha
Makhleb
Nemelex Xobeh
Okawaru
Qazlal
Ru
Sif Muna
Vehumet
Xom
Yredelemnul
Zin

Shops:
D:9 [

Annotations:
D:5 2 transporters
D:6 1 transporter, 1 exclusion
D:10 Snorg
Abyss:1 Erolcha


Innate Abilities, Weirdness & Mutations

You have very sharp fingernails.
You have hoof-like feet.
You have a pair of horns on your head.
Your flesh is cold resistant. (rC+)
You are frail. (-10% HP)
Your muscles are strong. (Str +2)


Message History

You block Snorg's attack. x2; Snorg misses you.
Throwing (i - inventory):
L - 3 throwing nets (quivered)
Press: ? - help, Shift-Dir - straight line, f - Snorg
Aim: Snorg (berserk, fast, unusually strong)
You throw a throwing net. The throwing net hits Snorg.
Snorg is caught in the net!
Snorg struggles against the net. x2
You slash Snorg!
Space bends around Snorg.
Snorg is lightly wounded.
Snorg struggles against the net.
The net rips apart, and Snorg comes free!
Snorg bites you! Snorg closely misses you. You block Snorg's attack.
You slash Snorg!
Space bends around Snorg.
Your kick misses Snorg.
Snorg is moderately wounded.
Snorg barely misses you. You block Snorg's attack. x2
You slash Snorg!
Space bends around Snorg.
You kick Snorg. You headbutt Snorg.
Snorg is moderately wounded.
Snorg bites you. Snorg barely misses you. Snorg claws you! Snorg bites you!
* * * LOW HITPOINT WARNING * * *
Snorg claws you!
You die...

#.# #..8..###.8.8.
######.######....###.....
#...........##...)#......
#.####.####.####........)
#.# #.# #.#..####......
#.# #.####.#....#####>##
#.# ##.#o........# ####
#.# #..#T#..##...# # #.#
#.##@#l.###### #
#.###.##.#..# #
#...........# #########
#####.##...## #........
#.####.# #......## #.#
#.# #.####.##
#.####.######.####.##
#..................##
######.##.#######..##


You could see Snorg (berserk) and an orc.

Vanquished Creatures
  A two-headed ogre (D:8)
  2 komodo dragons
  2 trolls (D:10)
  A warg (D:10)
  The ghost of Gruud the Grave Robber, an amateur DsNe (D:3)
  3 black bears
  4 orc warriors
  6 ogres
  An ice beast (D:6)
  A necrophage (D:8)
  4 sky beasts
  3 centaurs
  4 phantoms
  A crocodile (D:8)
  Blork the orc (D:5)
  5 bullfrogs
  A scorpion (D:5)
  5 killer bees (D:8)
  2 wights (D:9)
  3 electric eels
  7 crimson imps
  A bullfrog zombie (D:6)
  3 jellies
  5 hounds
  2 orc priests
  An iguana (D:6)
  Terence (D:2)
  Natasha (thrice) (D:3)
  7 orc wizards
  6 worker ants
  A statue (D:8)
  2 hound skeletons
  Robin (D:3)
  A howler monkey skeleton (D:6)
  12 gnolls
  15 adders
  A shadow imp (D:6)
  2 adder skeletons
  4 worms
  3 dart slugs
  3 leopard geckos
  48 orcs
  6 bats
  7 giant cockroaches
  16 goblins
  13 hobgoblins
  9 jackals
  4 quokkas
  2 ball pythons
  3 frilled lizards
  11 kobolds
  2 leopard gecko skeletons
  A leopard gecko zombie (D:5)
  2 quokka skeletons
  7 rats
263 creatures vanquished.

Vanquished Creatures (collateral kills)
  A gargoyle (D:10)
  2 trolls
  A wyvern (D:9)
  A warg (D:10)
  An orc warrior (D:10)
  A sky beast (D:10)
  An orc priest (D:10)
  An orc (D:10)
  A goblin (Bailey)
10 creatures vanquished.

Vanquished Creatures (others)
  A hippogriff (D:10)
  A worker ant (D:9)
  2 plants (D:8)
4 creatures vanquished.

Grand Total: 277 creatures vanquished

Notes
Turn   | Place    | Note
-------+----------+-------------------------------------------
     0 | D:1      | vishdafish the Demonspawn Fighter began the quest for the Orb.
     0 | D:1      | Reached XP level 1. HP: 18/18 MP: 1/1
    58 | D:1      | Gained mutation: You have a pair of small horns on your head. [demonic ancestry]
    58 | D:1      | Reached XP level 2. HP: 9/24 MP: 2/2
   758 | D:2      | Found an opulent altar of Gozag.
   854 | D:2      | Gained mutation: You have sharp fingernails. [demonic ancestry]
   854 | D:2      | Reached XP level 3. HP: 24/29 MP: 3/3
   912 | D:2      | Found a snail-covered altar of Cheibriados.
   954 | D:2      | Reached skill level 2 in Axes
   962 | D:2      | Found a shadowy altar of Dithmenos.
  1370 | D:2      | Gained mutation: You have large cloven feet. [demonic ancestry]
  1370 | D:2      | Reached XP level 4. HP: 20/35 MP: 4/4
  1653 | D:2      | Noticed Terence
  1665 | D:2      | Killed Terence
  2048 | D:3      | Noticed Robin
  2057 | D:3      | Reached skill level 3 in Axes
  2067 | D:3      | Killed Robin
  2166 | D:3      | Reached XP level 5. HP: 36/41 MP: 5/5
  2176 | D:3      | Noticed Gruud's ghost (amateur DsNe)
  2220 | D:3      | Killed Gruud's ghost
  2326 | D:3      | Reached XP level 6. HP: 40/48 MP: 6/6
  2431 | D:3      | Reached skill level 4 in Axes
  2433 | D:3      | Reached skill level 1 in Dodging
  2494 | D:3      | Found an iron altar of Okawaru.
  2550 | D:3      | Found an ancient bone altar of Kikubaaqudgha.
  2603 | D:3      | Noticed Natasha
  2613 | D:3      | Killed Natasha
  2834 | D:3      | Found a burning altar of Makhleb.
  2854 | D:3      | Became a worshipper of Makhleb the Destroyer
  2969 | D:3      | Noticed Natasha
  2980 | D:3      | Killed Natasha
  3040 | D:3      | Noticed Natasha
  3048 | D:3      | Killed Natasha
  3048 | D:3      | Reached skill level 1 in Invocations
  3296 | D:4      | Found a hazy altar of Hepliaklqana.
  3558 | D:4      | Found a staircase to the Ecumenical Temple.
  3843 | D:4      | Found a glowing silver altar of Zin.
  3852 | D:4      | Reached * piety under Makhleb
  3852 | D:4      | Gained mutation: You have a pair of horns on your head. [demonic ancestry]
  3852 | D:4      | Reached XP level 7. HP: 51/55 MP: 8/8
  4197 | D:5      | Entered Level 5 of the Dungeon
  4470 | D:5      | Reached skill level 5 in Axes
  4545 | D:5      | Found a transporter.
  4546 | D:5      | Found a transporter.
  4919 | D:5      | Noticed Blork the orc
  4930 | D:5      | Killed Blork the orc
  4930 | D:5      | Gained mutation: Your flesh is cold resistant. (rC+) [demonic ancestry]
  4930 | D:5      | Reached XP level 8. HP: 41/61 MP: 11/11
  5327 | D:5      | Found a shattered altar of Ashenzari.
  5329 | D:5      | Found a shadowy altar of Dithmenos.
  5329 | D:5      | Found a stormy altar of Qazlal.
  5331 | D:5      | Found a deep blue altar of Sif Muna.
  5331 | D:5      | Found a shimmering altar of Xom.
  5331 | D:5      | Found an iron altar of Okawaru.
  5501 | D:6      | Reached ** piety under Makhleb
  5522 | D:6      | Reached skill level 5 in Invocations
  5857 | D:6      | Reached skill level 6 in Axes
  6213 | D:6      | Upgraded the game from 0.21-a0-348-ga060c75 to 0.21-a0-349-g0c35859
  6401 | D:6      | Found a sparkling altar of Nemelex Xobeh.
  6401 | D:6      | Found a transporter.
  6401 | D:6      | Noticed an ogre mage
  6486 | D:6      | Noticed a two-headed ogre
  6580 | D:6      | Reached skill level 5 in Armour
  6704 | D:7      | Found a stormy altar of Qazlal.
  6812 | D:7      | Gained mutation: You have very sharp fingernails. [demonic ancestry]
  6812 | D:7      | Reached XP level 9. HP: 42/66 MP: 13/13
  6887 | D:7      | Gained mutation: You are frail. (-10% HP) [mutagenic meat]
  6888 | D:7      | Gained mutation: Your muscles are strong. (Str +2) [mutagenic meat]
  7405 | D:7      | Found a basalt altar of Yredelemnul.
  7678 | D:8      | Noticed a two-headed ogre
  7688 | D:8      | Killed a two-headed ogre
  7688 | D:8      | Reached skill level 7 in Axes
  7688 | D:8      | Reached skill level 5 in Shields
  8037 | D:8      | Reached *** piety under Makhleb
  8079 | D:8      | Found a staircase to the Lair.
  8080 | D:8      | Noticed a komodo dragon
  8453 | D:8      | Killed a komodo dragon
  8453 | D:8      | Gained mutation: You have hoof-like feet. [demonic ancestry]
  8453 | D:8      | Reached XP level 10. HP: 63/65 MP: 16/16
  8726 | D:8      | Found a radiant altar of Vehumet.
  8886 | D:8      | Reached skill level 8 in Axes
  9158 | D:9      | Found Geurut's Armour Shop.
  9232 | D:9      | Found a shattered altar of Ashenzari.
  9290 | D:9      | Found a flagged portal.
  9301 | D:9      | Reached skill level 5 in Dodging
  9315 | Bailey   | Entered a bailey
  9465 | Bailey   | Found an iron altar of Okawaru.
  9465 | Bailey   | Noticed an orc high priest
  9466 | Bailey   | Noticed a soul eater
 10016 | D:9      | Noticed Erolcha
 10021 | D:9      | Banished Erolcha
 10305 | D:9      | Found a sacrificial altar of Ru.
 10330 | D:10     | Entered Level 10 of the Dungeon
 10624 | D:10     | Noticed a gargoyle
 10635 | D:10     | Killed a gargoyle
 10635 | D:10     | Reached skill level 9 in Axes
 10752 | D:10     | Found a staircase to the Orcish Mines.
 11133 | D:10     | Reached XP level 11. HP: 66/70 MP: 17/17
 11352 | D:11     | Noticed Snorg
 11424 | D:10     | Slain by Snorg

Vault maps used:
D:1:      dpeg_arrival_renting
D:2:      nicolae_overflow_hidden_temple, lemuel_doored_altar,
          grunt_dithmenos_smoke_and_mirrors, minmay_pentomino_x4, uniq_terence
D:3:      makhleb_grotto_becter, kiku_gazebo_pond_becter, okawaru_gym_becter,
          uniq_robin, uniq_natasha
D:4:      kennysheep_mini_moat, minmay_temple_entry_statues_fountains,
          minmay_ruined_shrine
D:5:      gammafunk_wand_slinger, first_bread, doesnt_xom_only_xom,
          uniq_blork_the_orc
D:6:      kennysheep_cluttered_room, minmay_strange_pillars,
          grunt_nemelex_the_gamble
D:7:      grunt_qazlal_clouds, yredelemnul_altar_generic
D:8:      vehumet_statue, david_lair_shrubbed, minivault_27, grunt_ogre_cave
D:9:      hangedman_ru_absence, marbit_many_paths, serial_shops,
          nicolae_shop_crystal, enter_bailey_2, uniq_erolcha
D:10:     david_orc_1_choice
D:11:     serial_shops, shop_fountains, lemuel_statue_altar, uniq_harold,
          uniq_snorg
Bailey:   bailey_axe_of_yendor_kennysheep, bailey

Skill      XL: |  1  2  3  4  5  6  7  8  9 10 |
---------------+-------------------------------+-----
Armour         | 3 4 5 7 |  7.1
Shields        | 3 4 5 6 |  6.8
Axes           | 2 3 4 5 6 7 9 |  9.4
Dodging        | 1 2 3 4 5 |  5.9
Fighting       | 4 |  4.3
Invocations    | 2 4 6 8 |  8.0

Action                   |  1- 3 |  4- 6 |  7- 9 | 10-12 || total
-------------------------+-------+-------+-------+-------++-------
Melee: War axe           |    94 |   188 |   341 |   198 ||   821
       Headbutt          |    12 |    26 |    62 |    37 ||   137
       Kick              |       |    42 |   101 |    68 ||   211
Throw: Throwing net      |       |       |     1 |     1 ||     2
Invok: Minor Destruction |       |       |    35 |    19 ||    54
       Lesser Servant of |       |       |       |     6 ||     6
Evoke: Wand              |       |       |     3 |     2 ||     5
  Use: Scroll            |     1 |       |     4 |     4 ||     9
       Potion            |     1 |       |     2 |       ||     3
  Eat: Chunk             |     1 |     6 |    11 |    11 ||    29
       Royal jelly       |       |     1 |       |       ||     1
       Meat ration       |       |       |     1 |       ||     1
Armor: Scale mail        |    47 |    68 |   133 |    56 ||   304
       Skin              |       |       |    11 |       ||    11
Dodge: Dodged            |    34 |    55 |   127 |   129 ||   345
Block: Shield            |    30 |    90 |   181 |   135 ||   436

Table legend:
 A = Spawn XP
 B = Non-spawn XP
 C = Spawn XP percentage of total XP
 D = Spawn monster count
 E = Non-spawn monster count
 F = Spawn count percentage of total count
 G = Total turns spent on level
                    A         B        C        D         E        F      G
               +---------+---------+-------+---------+---------+-------+---------
         Total |       0 |   11179 |   0.0 |       0 |     276 |   0.0 | 11424
               +---------+---------+-------+---------+---------+-------+---------
           D:1 |       0 |      29 |   0.0 |       0 |      16 |   0.0 |   757
           D:2 |       0 |     124 |   0.0 |       0 |      27 |   0.0 |  1290
           D:3 |       0 |     480 |   0.0 |       0 |      49 |   0.0 |  1210
           D:4 |       0 |     327 |   0.0 |       0 |      16 |   0.0 |   940
           D:5 |       0 |     764 |   0.0 |       0 |      28 |   0.0 |  1294
           D:6 |       0 |     990 |   0.0 |       0 |      29 |   0.0 |  1168
           D:7 |       0 |     272 |   0.0 |       0 |       7 |   0.0 |   944
           D:8 |       0 |    3142 |   0.0 |       0 |      37 |   0.0 |  1439
           D:9 |       0 |    1827 |   0.0 |       0 |      25 |   0.0 |  1119
          D:10 |       0 |    2926 |   0.0 |       0 |      31 |   0.0 |  1063
          D:11 |       0 |      89 |   0.0 |       0 |       3 |   0.0 |    31
        Bailey |       0 |     209 |   0.0 |       0 |       8 |   0.0 |   169
               +---------+---------+-------+---------+---------+-------+---------
